3R
SHADY SIDE ZOOMIES @ OGALLALA OCTOPI
05/20/2042
 
TOP OF THE 1ST
Shady Side Zoomies batting - Pitching for Ogallala Octopi : RHP Chris Williams
Pitching: RHP Chris Williams
Batting: RHB Kennet Knoppert 0-0: Called Strike
0-1: Foul Ball, location: 2F
0-2: Ball
1-2: Strikes out looking
Batting: LHB Jeremy Payne 0-0: Foul Ball, location: 2F
0-1: Ball
1-1: Foul Ball, location: 2F
1-2: Fly out, F8 (Line Drive, 8RM, EV 103.1 MPH)
Batting: LHB Gustavo Gonzáles 0-0: DOUBLE (Line Drive, 8LXD, EV 107.5 MPH)
Batting: SHB Kazuyuki Yagi 0-0: Called Strike
0-1: Foul Ball, location: 2F
0-2: Strikes out looking
Top of the 1st over - 0 runs, 1 hit, 0 errors, 1 left on base; Shady Side 0 - Ogallala 0
BOTTOM OF THE 1ST
Ogallala Octopi batting - Pitching for Shady Side Zoomies : RHP Gustaf Steur
Pitching: RHP Gustaf Steur
Batting: LHB Jamie Padgett 0-0: Called Strike
0-1: Hit by Pitch
Batting: RHB Pedro Sánchez 0-0: SINGLE (Groundball, 56D, EV 100.0 MPH)
Jamie Padgett to second
Batting: RHB Nando van der Goor 0-0: Called Strike
0-1: Ball
1-1: Foul Ball, location: 2F
1-2: Foul Ball, location: 2F
1-2: Strikes out swinging
Batting: RHB Sonny Day 0-0: Foul Ball, location: 2F
0-1: Grounds into double play, 5-4-3 (Groundball, 5, EV 106.9 MPH)
Bottom of the 1st over - 0 runs, 1 hit, 0 errors, 1 left on base; Shady Side 0 - Ogallala 0
TOP OF THE 2ND
Shady Side Zoomies batting - Pitching for Ogallala Octopi : RHP Chris Williams
Batting: RHB Jesús Cortéz 0-0: Foul Ball, location: 2F
0-1: Ball
1-1: Ball
2-1: Swinging Strike
2-2: Foul Ball, location: 2F
2-2: Fly out, F8 (Flyball, 8LS, EV 74.4 MPH)
Batting: RHB Dan Moreno 0-0: Ball
1-0: Ball
2-0: Swinging Strike
2-1: Ground out 6-3 (Groundball, 6, EV 93.8 MPH)
Batting: RHB Drake Riley Jr. 0-0: Ball
1-0: SINGLE (Groundball, 56D, EV 108.8 MPH)
Batting: RHB Roy Howard 0-0: Ball
Wild Pitch!
Drake Riley Jr. to second
1-0: Called Strike
1-1: Foul Ball, location: 2F
1-2: Ball
2-2: Fly out, F7 (Flyball, 7, EV 93.1 MPH)
Top of the 2nd over - 0 runs, 1 hit, 0 errors, 1 left on base; Shady Side 0 - Ogallala 0
BOTTOM OF THE 2ND
Ogallala Octopi batting - Pitching for Shady Side Zoomies : RHP Gustaf Steur
Batting: RHB Jim Wood 0-0: SINGLE (Groundball, 56D, EV 103.8 MPH)
Batting: RHB Bill Uttley 0-0: SINGLE (Groundball, 15, EV 61.9 MPH) (infield hit)
Jim Wood to second
Batting: RHB Jeirgif Shkurin 0-0: Ball
1-0: Ball
2-0: Foul Ball, location: 2F
2-1: Fly out, F8 (Flyball, 8RM, EV 83.8 MPH)
Batting: RHB Jack Lang 0-0: Foul Ball, location: 2F
0-1: Swinging Strike
0-2: Foul Ball, location: 2F
0-2: Ball
1-2: Foul Ball, location: 2F
1-2: Strikes out swinging
Batting: SHB Gabriel Ruíz 0-0: Called Strike
0-1: Ball
1-1: Ball
2-1: Called Strike
2-2: Foul Ball, location: 2F
2-2: Ball
3-2: Foul Ball, location: 2F
3-2: Ground out 4-3 (Groundball, 4, EV 110.6 MPH)
Bottom of the 2nd over - 0 runs, 2 hits, 0 errors, 2 left on base; Shady Side 0 - Ogallala 0
TOP OF THE 3RD
Shady Side Zoomies batting - Pitching for Ogallala Octopi : RHP Chris Williams
Batting: RHB Chad MacLeod 0-0: Swinging Strike
0-1: Swinging Strike
0-2: Ball
1-2: Ball
2-2: Ball
3-2: Ground out 4-3 (Groundball, 34, EV 80.0 MPH)
Batting: RHB Kennet Knoppert 0-0: Called Strike
0-1: Foul Ball, location: 2F
0-2: Foul Ball, location: 2F
0-2: Foul Ball, location: 2F
0-2: Strikes out swinging
Batting: LHB Jeremy Payne 0-0: Ball
1-0: DOUBLE (Line Drive, 78D, EV 101.9 MPH)
Batting: LHB Gustavo Gonzáles 0-0: Ball
1-0: Called Strike
1-1: Ball
2-1: SINGLE (Line Drive, 9LS, EV 101.2 MPH)
Jeremy Payne to third
Runner from 3rd tries for Home, SAFE, throw by RF to home
Batting: SHB Kazuyuki Yagi 0-0: Foul Ball, location: 2F
0-1: Ball
Gustavo Gonzáles is caught stealing 2nd base 2-6
Top of the 3rd over - 1 run, 2 hits, 0 errors, 0 left on base; Shady Side 1 - Ogallala 0
BOTTOM OF THE 3RD
Ogallala Octopi batting - Pitching for Shady Side Zoomies : RHP Gustaf Steur
Batting: LHB Jamie Padgett 0-0: Ball
1-0: Ball
2-0: Foul Ball, location: 2F
2-1: Foul Ball, location: 2F
2-2: Foul Ball, location: 2F
2-2: Foul Ball, location: 2F
2-2: Ball
3-2: Strikes out swinging
Batting: RHB Pedro Sánchez 0-0: Ground out 5-3 (Groundball, 56, EV 81.2 MPH)
Batting: RHB Nando van der Goor 0-0: Ball
1-0: Foul Ball, location: 2F
1-1: Ground out 5-3 (Groundball, 5, EV 76.9 MPH)
Bottom of the 3rd over - 0 runs, 0 hits, 0 errors, 0 left on base; Shady Side 1 - Ogallala 0
TOP OF THE 4TH
Shady Side Zoomies batting - Pitching for Ogallala Octopi : RHP Chris Williams
Batting: SHB Kazuyuki Yagi 0-0: Ball
1-0: Ball
2-0: Ball
3-0: Base on Balls
Batting: RHB Jesús Cortéz 0-0: Ball
1-0: Called Strike
1-1: Swinging Strike
1-2: Strikes out swinging
Batting: RHB Dan Moreno 0-0: Ball
1-0: Ball
2-0: Foul Ball, location: 2F
2-1: Foul Ball, location: 2F
2-2: Ball
3-2: Fly out, F4 (Popup, 4, EV 67.5 MPH)
Batting: RHB Drake Riley Jr. 0-0: Ball
1-0: Swinging Strike
1-1: SINGLE (Flyball, 9LS, EV 95.6 MPH)
Kazuyuki Yagi to second
Runner from 2nd tries for 3rd, SAFE, throw by RF made to third
Batting: RHB Roy Howard 0-0: DOUBLE (Flyball, 89XD, EV 96.9 MPH)
Kazuyuki Yagi scores
Drake Riley Jr. to third
Runner from 3rd tries for Home, SAFE, no throw by RF
Batting: RHB Chad MacLeod 0-0: Ball
1-0: Ball
2-0: SINGLE (Flyball, 7LS, EV 92.5 MPH)
Roy Howard to third
Batting: RHB Kennet Knoppert 0-0: Ball
1-0: Foul Ball, location: 2F
1-1: Ball
2-1: Foul Ball, location: 2F
2-2: Strikes out swinging
Top of the 4th over - 2 runs, 3 hits, 0 errors, 2 left on base; Shady Side 3 - Ogallala 0
BOTTOM OF THE 4TH
Ogallala Octopi batting - Pitching for Shady Side Zoomies : RHP Gustaf Steur
Batting: RHB Sonny Day 0-0: Ball
1-0: Ball
2-0: Fly out, F3 (Line Drive, 3, EV 71.2 MPH)
Batting: RHB Jim Wood 0-0: Called Strike
0-1: Foul Ball, location: 2F
0-2: Strikes out swinging
Batting: RHB Bill Uttley 0-0: Ball
1-0: Called Strike
1-1: Fly out, F3 (Popup, 3S, EV 76.9 MPH)
Bottom of the 4th over - 0 runs, 0 hits, 0 errors, 0 left on base; Shady Side 3 - Ogallala 0
TOP OF THE 5TH
Shady Side Zoomies batting - Pitching for Ogallala Octopi : RHP Chris Williams
Batting: LHB Jeremy Payne 0-0: Called Strike
0-1: Called Strike
0-2: SINGLE (Line Drive, 8LM, EV 87.5 MPH)
Batting: LHB Gustavo Gonzáles 0-0: Ball
1-0: Called Strike
1-1: SINGLE (Line Drive, 3D, EV 96.2 MPH)
Jeremy Payne to second
Runner from 2nd tries for 3rd, SAFE, no throw by RF
Batting: SHB Kazuyuki Yagi 0-0: Ball
1-0: Foul Ball, location: 2F
1-1: Ball
2-1: Fly out, F7 (Flyball, 7S, EV 74.4 MPH)
Batting: RHB Jesús Cortéz 0-0: Called Strike
0-1: Ball
1-1: Ball
2-1: DOUBLE (Flyball, 8RXD, EV 92.5 MPH)
Jeremy Payne scores
Gustavo Gonzáles to third
Batting: RHB Dan Moreno 0-0: Ball
1-0: Called Strike
1-1: Ball
2-1: Ground out 4-3 (Groundball, 34, EV 101.9 MPH)
Gustavo Gonzáles scores
Jesús Cortéz to third
Batting: RHB Drake Riley Jr. 0-0: Foul Ball, location: 2F
0-1: Foul Ball, location: 2F
0-2: Ball
1-2: Ball
2-2: Strikes out swinging
Top of the 5th over - 2 runs, 3 hits, 0 errors, 1 left on base; Shady Side 5 - Ogallala 0
BOTTOM OF THE 5TH
Ogallala Octopi batting - Pitching for Shady Side Zoomies : RHP Gustaf Steur
Batting: RHB Jeirgif Shkurin 0-0: Ground out 4-3 (Groundball, 4, EV 83.1 MPH)
Batting: RHB Jack Lang 0-0: Foul Ball, location: 2F
0-1: Fly out, F9 (Flyball, 9D, EV 75.0 MPH)
Batting: SHB Gabriel Ruíz 0-0: Swinging Strike
0-1: Ground out 1-3 (Groundball, 34S, EV 89.4 MPH)
Bottom of the 5th over - 0 runs, 0 hits, 0 errors, 0 left on base; Shady Side 5 - Ogallala 0
TOP OF THE 6TH
Shady Side Zoomies batting - Pitching for Ogallala Octopi : RHP Chris Williams
Pitching: RHP Ánibal Montoya
Batting: RHB Roy Howard 0-0: Ground out 6-3 (Groundball, 6, EV 83.8 MPH)
Batting: RHB Chad MacLeod 0-0: Ball
1-0: Ball
2-0: Called Strike
2-1: Ball
3-1: Fly out, F8 (Flyball, 8LD, EV 105.0 MPH)
Batting: RHB Kennet Knoppert 0-0: Foul Ball, location: 2F
0-1: Ball
1-1: Called Strike
1-2: Foul Ball, location: 2F
1-2: Ground out 6-3 (Groundball, 6, EV 85.6 MPH)
Top of the 6th over - 0 runs, 0 hits, 0 errors, 0 left on base; Shady Side 5 - Ogallala 0
BOTTOM OF THE 6TH
Ogallala Octopi batting - Pitching for Shady Side Zoomies : RHP Gustaf Steur
Batting: LHB Jamie Padgett 0-0: Fly out, F8 (Flyball, 78XD, EV 96.2 MPH)
Batting: RHB Pedro Sánchez 0-0: Ball
1-0: Called Strike
1-1: Ground out 1-3 (Groundball, P, EV 81.9 MPH)
Batting: RHB Nando van der Goor 0-0: Ball
1-0: Swinging Strike
1-1: Ball
2-1: Foul Ball, location: 2F
2-2: SINGLE (Line Drive, 8LS, EV 106.2 MPH)
Batting: RHB Sonny Day 0-0: Ball
1-0: Swinging Strike
1-1: Fielders Choice at 2nd, 6-4 (Groundball, 6, EV 105.6 MPH)
Bottom of the 6th over - 0 runs, 1 hit, 0 errors, 1 left on base; Shady Side 5 - Ogallala 0
TOP OF THE 7TH
Shady Side Zoomies batting - Pitching for Ogallala Octopi : RHP Ánibal Montoya
Batting: LHB Jeremy Payne 0-0: Ball
1-0: Ball
2-0: Ball
3-0: Called Strike
3-1: Ground out 3-1 (Groundball, 34D, EV 88.8 MPH)
Batting: LHB Gustavo Gonzáles 0-0: DOUBLE (Flyball, 89XD, EV 91.9 MPH)
Batting: SHB Kazuyuki Yagi 0-0: SINGLE (Flyball, 7S, EV 96.2 MPH)
Gustavo Gonzáles to third
Runner from 3rd tries for Home, SAFE, throw by LF to home
Batting: RHB Jesús Cortéz 0-0: Ball
1-0: Ball
2-0: Called Strike
2-1: Swinging Strike
2-2: Strikes out swinging
Batting: RHB Dan Moreno 0-0: Called Strike
0-1: Called Strike
0-2: Fly out, F8 (Line Drive, 8LD, EV 93.1 MPH)
Top of the 7th over - 1 run, 2 hits, 0 errors, 1 left on base; Shady Side 6 - Ogallala 0
BOTTOM OF THE 7TH
Ogallala Octopi batting - Pitching for Shady Side Zoomies : RHP Gustaf Steur
Batting: RHB Jim Wood 0-0: Ball
1-0: SINGLE (Groundball, 34S, EV 72.5 MPH) (infield hit)
Batting: RHB Bill Uttley 0-0: Ball
1-0: Called Strike
1-1: Ball
2-1: Swinging Strike
2-2: Strikes out swinging
Batting: RHB Jeirgif Shkurin 0-0: Foul Ball, location: 2F
0-1: Ball
1-1: Ball
2-1: Ground out 4-3 (Groundball, 4, EV 83.1 MPH)
Jim Wood to second
Batting: RHB Jack Lang 0-0: Called Strike
0-1: Foul Ball, location: 2F
0-2: Foul Ball, location: 2F
0-2: SINGLE (Groundball, 56D, EV 105.6 MPH)
Jim Wood to third
Runner from 3rd tries for Home, SAFE, throw by LF to home
Jack Lang to second
Batting: SHB Gabriel Ruíz 0-0: SINGLE (Groundball, 4M, EV 80.6 MPH) (infield hit)
Jack Lang to third
Batting: LHB Jamie Padgett 0-0: Called Strike
0-1: Ball
1-1: Called Strike
1-2: Strikes out swinging
Bottom of the 7th over - 1 run, 3 hits, 0 errors, 2 left on base; Shady Side 6 - Ogallala 1
TOP OF THE 8TH
Shady Side Zoomies batting - Pitching for Ogallala Octopi : RHP Ánibal Montoya
Batting: RHB Drake Riley Jr. 0-0: Ball
1-0: Ball
2-0: Ball
3-0: Called Strike
3-1: Swinging Strike
3-2: Strikes out looking
Batting: RHB Roy Howard 0-0: Called Strike
0-1: Ball
1-1: Foul Ball, location: 2F
1-2: Ball
2-2: Strikes out swinging
Batting: RHB Chad MacLeod 0-0: Ball
1-0: Called Strike
1-1: Ball
2-1: Foul Ball, location: 2F
2-2: Hit by Pitch
Batting: RHB Kennet Knoppert 0-0: Swinging Strike
0-1: Fly out, F9 (Flyball, 9, EV 91.2 MPH)
Top of the 8th over - 0 runs, 0 hits, 0 errors, 1 left on base; Shady Side 6 - Ogallala 1
BOTTOM OF THE 8TH
Ogallala Octopi batting - Pitching for Shady Side Zoomies : RHP Gustaf Steur
Batting: RHB Pedro Sánchez 0-0: Ball
1-0: Called Strike
1-1: Ball
2-1: SINGLE (Line Drive, 78M, EV 90.0 MPH)
Batting: RHB Nando van der Goor 0-0: Ball
1-0: Foul Ball, location: 2F
1-1: Fly out, F9 (Line Drive, 9, EV 90.0 MPH)
Batting: RHB Sonny Day 0-0: Ball
1-0: Called Strike
1-1: Ball
2-1: Foul Ball, location: 2F
2-2: Strikes out swinging
Batting: RHB Jim Wood 0-0: Ball
1-0: Foul Ball, location: 2F
1-1: Ball
2-1: Fly out, F2 (Popup, 15S, EV 92.5 MPH)
Bottom of the 8th over - 0 runs, 1 hit, 0 errors, 1 left on base; Shady Side 6 - Ogallala 1
TOP OF THE 9TH
Shady Side Zoomies batting - Pitching for Ogallala Octopi : RHP Ánibal Montoya
Batting: LHB Jeremy Payne 0-0: Ball
1-0: Ball
2-0: Swinging Strike
2-1: Called Strike
2-2: Ball
3-2: Strikes out swinging
Batting: LHB Gustavo Gonzáles 0-0: Called Strike
0-1: Called Strike
0-2: DOUBLE (Line Drive, 8LXD, EV 101.9 MPH)
Pitching: RHP George Murray
Batting: SHB Kazuyuki Yagi 0-0: Swinging Strike
0-1: Fly out, F7 (Flyball, 7D, EV 91.9 MPH)
Batting: RHB Jesús Cortéz 0-0: Foul Ball, location: 2F
0-1: Ball
1-1: Ball
2-1: Foul Ball, location: 2F
2-2: Foul Ball, location: 2F
2-2: Ground out 6-3 (Groundball, 56, EV 79.4 MPH)
Top of the 9th over - 0 runs, 1 hit, 0 errors, 1 left on base; Shady Side 6 - Ogallala 1
BOTTOM OF THE 9TH
Ogallala Octopi batting - Pitching for Shady Side Zoomies : RHP Gustaf Steur
Batting: RHB Bill Uttley 0-0: Called Strike
0-1: Ball
1-1: Foul Ball, location: 2F
1-2: Ground out 6-3 (Groundball, 56, EV 81.2 MPH)
Pitching: RHP Andrés García
Batting: RHB Jeirgif Shkurin 0-0: Fly out, F8 (Line Drive, 8LD, EV 95.0 MPH)
Batting: RHB Jack Lang 0-0: Ball
1-0: Called Strike
1-1: Foul Ball, location: 2F
1-2: Ball
2-2: Foul Ball, location: 2F
2-2: Ball
3-2: Strikes out swinging, 2-3 out at first.
Bottom of the 9th over - 0 runs, 0 hits, 0 errors, 0 left on base; Shady Side 6 - Ogallala 1
Friday, March 26th, 2021 - OOTP Baseball 20.8 Build 74